[Event "22nd Rochefort Festival Masters 2024"]
[Site "Rochefort"]
[Date "2024.02.18"]
[Round "3.2"]
[White "Laurent-Paoli, Pierre"]
[Black "Mekhane, Adam"]
[Result "1-0"]
[ECO "E29"]
[WhiteElo "2529"]
[BlackElo "2280"]
[Annotator "TA"]
[PlyCount "65"]
[EventDate "2024.02.18"]
[EventType "swiss"]
[EventCountry "FRA"]
[SourceTitle "playchess.com"]
[Source "ChessBase"]
[SourceQuality "1"]
[TimeControl "40/5400+30:1800+30"]

1. d4 Nf6 2. c4 e6 3. Nc3 Bb4 4. e3 O-O 5. a3 Bxc3+ 6. bxc3 c5 7. Bd3 Nc6 8. Rb1 d6 9. Ne2 b6 10. e4 {[%emt 0:01:02] Black is slightly better.} e5 (10... Nd7 $15) 11. d5 $14 Ne7 12. f3 Ne8 13. g4 g6 (13... Ng6 $11) 14. Ng3 $16 f5 15. exf5 gxf5 16. Bg5 $1 Ng7 17. Qc2 {[%emt 0:00:00] gxf5 is the strong threat. White is much more active.} Qe8 {[%emt 0:02:58] [#]} 18. O-O $1 Qf7 19. Bxe7 ({White should play} 19. Rbe1 $16) 19... Qxe7 $11 20. gxf5 ({Don't play} 20. Nxf5 Bxf5 21. gxf5 Nh5 $17 (21... Qg5+ 22. Kh1 $11)) (20. Bxf5 Nxf5 21. gxf5 Qg5 $17) 20... h5 $2 {[%emt 0:11:10][%mdl 8192] [#]} (20... Qh4 $11) 21. Kh1 $1 $18 h4 22. Ne4 {[%emt 0:00:00] Rg1 would now be deadly.} Bxf5 23. Rg1 {[%emt 0:00:00] Black must now prevent Qd2.} Kh8 24. Qd2 Bh7 {[%emt 0:04:46] A mistake that costs the game.} (24... Nh5 $16 {was called for.}) 25. Ng5 Bxd3 26. Qxd3 Rf5 $2 {[%emt 0:01:39] [#]} (26... Nf5 27. f4 Rf6) 27. Qe4 $1 Qxg5 28. Rxg5 Rxg5 29. Qxh4+ Rh5 30. Qf6 {[%emt 0:00:00][%cal Ob1g1] And now Rg1! would win.} Rg8 31. Rg1 Kh7 32. Qg6+ Kh8 33. Qxd6 {[%emt 0:00:00] Weighted Error Value: White=0.18 (very precise) /Black=0.77.  Loses game:     	---       	Black=1      Mistake:       	White=1     	Black=4      Inaccurate:     	White=1     	---        OK:         	White=8     	Black=6      Best:        	White=1     	Black=2      Strong:       	White=2     	---} 1-0

[Event "22nd Rochefort Festival Masters 2024"]
[Site "Rochefort"]
[Date "2024.02.18"]
[Round "3.3"]
[White "Vallee, Louis"]
[Black "Sivuk, Vitaly"]
[Result "0-1"]
[ECO "E71"]
[WhiteElo "2251"]
[BlackElo "2502"]
[Annotator "RC"]
[PlyCount "156"]
[EventDate "2024.02.18"]
[EventType "swiss"]
[EventCountry "FRA"]
[SourceTitle "playchess.com"]
[Source "ChessBase"]
[SourceQuality "1"]
[TimeControl "40/5400+30:1800+30"]

1. d4 Nf6 2. c4 g6 3. Nc3 Bg7 4. e4 d6 5. h3 O-O 6. Be3 Nbd7 7. g4 a6 8. Qd2 c5 9. Nf3 b5 10. cxb5 axb5 11. Bxb5 Bb7 12. d5 Qa5 13. Be2 Rfb8 14. O-O Ba6 15. Rab1 Nxe4 16. Qc2 Bxe2 17. Nxe2 Nef6 18. Nc3 Nb6 19. Rfd1 h5 20. g5 Nfd7 21. Bd2 Nc4 22. Be1 Qa6 23. Kg2 Qb7 24. Qe2 Ndb6 25. Qe4 Bxc3 26. Bxc3 Rxa2 27. b4 Ra3 28. Ba1 e6 29. bxc5 dxc5 30. Ne5 exd5 31. Nxc4 dxe4 32. Rxb6 Qxb6 33. Nxb6 Rxa1 34. Rxa1 Rxb6 35. Ra8+ Kg7 36. Rc8 Rb5 37. h4 Rb2 38. Kg3 Rb3+ 39. Kf4 Rf3+ 40. Kxe4 Rxf2 41. Rxc5 Rh2 42. Kf4 Rxh4+ 43. Kg3 Rg4+ 44. Kf3 Rg1 45. Kf2 Rd1 46. Kg2 Kf8 47. Re5 Rd6 48. Kg3 f6 49. gxf6 Kf7 50. Kf4 Kxf6 51. Re8 g5+ 52. Kg3 Rd3+ 53. Kg2 Kf5 54. Ra8 Rd2+ 55. Kg3 h4+ 56. Kh3 Rd3+ 57. Kg2 Re3 58. Kf2 Re4 59. Kf3 Rf4+ 60. Kg2 Kg4 61. Ra3 Rb4 62. Kh2 Rb2+ 63. Kg1 h3 64. Ra4+ Kg3 65. Ra3+ Kh4 66. Ra4+ g4 67. Rc4 Re2 68. Ra4 Kg3 69. Ra1 Re3 70. Rf1 Rd3 71. Kh1 Kh4 72. Rf4 Kg5 73. Ra4 g3 74. Ra5+ Kf4 75. Ra1 Ke3 76. Re1+ Kf2 77. Rf1+ Ke2 78. Kg1 Rd1 0-1

[Event "22nd Rochefort Festival Masters 2024"]
[Site "Rochefort"]
[Date "2024.02.18"]
[Round "3.4"]
[White "Boyer, Mahel"]
[Black "Favarel, Julien"]
[Result "1-0"]
[ECO "E65"]
[WhiteElo "2428"]
[BlackElo "2312"]
[Annotator "TA"]
[PlyCount "57"]
[EventDate "2024.02.18"]
[EventType "swiss"]
[EventCountry "FRA"]
[SourceTitle "playchess.com"]
[Source "ChessBase"]
[SourceQuality "1"]
[TimeControl "40/5400+30:1800+30"]

1. d4 Nf6 2. c4 g6 3. g3 Bg7 4. Bg2 O-O 5. Nc3 d6 6. Nf3 c5 7. O-O Nc6 8. dxc5 dxc5 9. Qb3 Na5 10. Qa3 b6 11. Rd1 {[%emt 0:02:13] The position is equal.} Qe8 12. b3 Bb7 13. Bb2 Rd8 14. Nb5 a6 15. Nc7 Qc6 16. Be5 Qe4 17. Qb2 Nc6 {[%emt 0:08:00] And now ...Nxe5 would win.} 18. Nd5 $1 Nd4 19. Nxe7+ $16 (19. Nxd4 $2 Qxe5 20. Nxf6+ Bxf6 21. Bxb7 Qb8 $19) 19... Kh8 {[%emt 0:00:02] [#]} 20. Nd5 $1 Bxd5 21. cxd5 (21. Bxd4 cxd4 22. cxd5 Nxd5 $14) 21... Nxe2+ {[%emt 0:05:02] This move loses the game for Black.} (21... Qxd5 $16 22. Bxd4 (22. Nxd4 $2 Qxe5 23. e3 cxd4 $19) 22... cxd4) 22. Kh1 $18 Nd4 23. Re1 (23. Nxd4 $2 Qxe5 24. f4 Qc7 $19 (24... Qh5 $2 25. Bf3 $19)) (23. Bxd4 cxd4 24. Nxd4 Qe8) 23... Qg4 24. Nxd4 (24. Bxd4 cxd4 25. Ne5 (25. Nxd4 $2 Nxd5 26. Rad1 Nb4 $17) (25. Qxd4 Ne4 $17) 25... Qh5 $14) 24... cxd4 25. h3 (25. Qxd4 Qxd4 26. Bxd4 Nxd5 27. Bxg7+ Kxg7 $11) 25... Qf5 26. Qxd4 Rfe8 27. Rad1 {[%emt 0:02:20][%cal Og3g4] Hoping for g4!} ({Much less strong is} 27. Qxb6 $6 Nxd5 28. Bxg7+ (28. Qxa6 $2 Bxe5 29. Rxe5 Qxe5 $19) 28... Kxg7 $18) 27... Rxe5 28. Rxe5 Ng4 $2 (28... Ne4 29. Rxf5 (29. Bxe4 Qxe5 30. Qd3 Bf8 $14) (29. Qxb6 Nxf2+ 30. Kh2 Qf6 $16) 29... Bxd4 30. Rxf7 (30. Bxe4 gxf5 31. Rxd4 fxe4 $18) 30... Nxf2+ 31. Rxf2 Bxf2) 29. Rxf5 {[%emt 0:00:12] Weighted Error Value: White=0.06 (flawless) /Black=0.22 (precise) .  Mistake:       	---       	Black=3      Inaccurate:     	---       	Black=3      OK:         	White=8     	Black=8      Best:        	White=5     	Black=1      Strong:       	White=1     	---        Brilliant:      	White=1     	---} ({Less strong is} 29. Qxb6 Nxf2+ 30. Kh2 Qf6 31. Qxf6 Bxf6 $16) 1-0

[Event "22nd Rochefort Festival Masters 2024"]
[Site "Rochefort"]
[Date "2024.02.18"]
[Round "3.5"]
[White "Eugene, Floryan"]
[Black "Marie, Maxime"]
[Result "1-0"]
[ECO "B15"]
[WhiteElo "2398"]
[BlackElo "2204"]
[Annotator "TA"]
[PlyCount "75"]
[EventDate "2024.02.18"]
[EventType "swiss"]
[EventCountry "FRA"]
[SourceTitle "playchess.com"]
[Source "ChessBase"]
[SourceQuality "1"]
[TimeControl "40/5400+30:1800+30"]

1. e4 c6 2. d4 d5 3. exd5 cxd5 4. Bf4 g6 5. Nc3 a6 6. Qd2 Nc6 7. Nf3 f6 (7... Bf5 $11) 8. h3 {[%emt 0:07:29] White is slightly better.} Bg7 9. O-O-O b5 10. Kb1 e6 11. g4 {[%emt 0:03:31][%cal Bg2g4,Bg4g5][%mdl 32] White is more active.} Nge7 12. Bh6 O-O 13. Bg2 Bd7 (13... b4 $11 14. Ne2 Bxh6 15. Qxh6 a5) 14. h4 (14. Bxg7 $14 Kxg7 15. Ne1) 14... Nc8 (14... Bxh6 $11 {remains equal.} 15. Qxh6 Qc7) 15. Bxg7 $16 Kxg7 16. g5 (16. Ne2 {simplifies} Nd6 17. g5 fxg5 18. hxg5 Kg8 19. Rh4) 16... Nd6 {[%emt 0:03:49] [#]} 17. h5 $1 $36 {[%emt 0:00:43][%mdl 2048] hxg6 is the strong threat. White is on the roll.} Nc4 $2 {[%emt 0:08:48] [#] Black cannot hold the game after this.} (17... Be8 $16) 18. Qc1 $1 $18 {[%emt 0:00:34] Hoping for hxg6.} fxg5 19. Nxg5 {[%emt 0:06:44] Threatens to win with hxg6.} h6 {[%emt 0:03:34] [#]} 20. Nf7 Kxf7 (20... Rxf7 21. hxg6) 21. hxg6+ (21. Qxh6 Qf6 22. Nxd5 (22. Qh7+ Ke8 $17) 22... exd5 $14) 21... Ke7 22. Qxh6 Nb4 23. g7 {[%emt 0:03:07] Nxd5+ would now be deadly.} Rg8 {[%emt 0:02:33] [#]} 24. Bxd5 $1 Nxd5 25. Nxd5+ Kd6 26. Nf6 Qa5 27. Qf4+ Kc6 28. d5+ Kb7 29. Nxd7 Qb4 {[%emt 0:00:34] Dodges Nc5+} 30. Qd4 (30. dxe6 $2 Qxb2#) 30... Rac8 {[%emt 0:00:48] Prevents Nc5+. White must now prevent ...Na3+.} 31. Ka1 (31. dxe6 $2 {perishes.} Na3+ 32. Ka1 Nxc2+ 33. Kb1 Nxd4 $19) 31... exd5 32. Rh6 {[%emt 0:01:31] Wards off Qd6} Rge8 33. Qxd5+ {[%emt 0:00:50] White mates.} Ka7 34. Qd4+ Kb7 {[%emt 0:00:06] [#]} 35. Rb6+ $1 Kc7 36. g8=Q Rxg8 37. Qf4+ Kd8 38. Nc5+ {[%emt 0:00:12] Weighted Error Value: White=0.55/Black=0.60.  Loses game:     	---       	Black=1      Mistake:       	White=1     	Black=3      Inaccurate:     	White=2     	Black=2      OK:         	White=7     	Black=9      Best:        	White=1     	---        Strong:       	White=2     	---} (38. Rxa6 $2 Qxb2#) 1-0

[Event "22nd Rochefort Festival Masters 2024"]
[Site "Rochefort"]
[Date "2024.02.19"]
[Round "4.1"]
[White "Romanov, Evgeny"]
[Black "Boyer, Mahel"]
[Result "1-0"]
[ECO "D31"]
[WhiteElo "2578"]
[BlackElo "2428"]
[Annotator "TA"]
[PlyCount "49"]
[EventDate "2024.02.18"]
[EventType "swiss"]
[EventCountry "FRA"]
[SourceTitle "playchess.com"]
[Source "ChessBase"]
[SourceQuality "1"]
[TimeControl "40/5400+30:1800+30"]

1. c4 e6 2. Nc3 d5 3. d4 a6 4. cxd5 exd5 5. Qb3 c5 6. Nxd5 {[%emt 0:00:00] Strongly threatening e4.} (6. Qxd5 {simplifies} cxd4 7. Qxd8+ Kxd8 8. Nd5) 6... Nc6 7. Bg5 f6 8. Be3 {[%emt 0:00:00] White has an edge.} cxd4 ({Don't go for} 8... Be6 $2 9. Nc7+ (9. Qxb7 $2 {is the wrong capture.} Bxd5 10. dxc5 Nd4 $19) 9... Qxc7 10. Qxe6+ Qe7 11. Qxe7+ Ngxe7 12. dxc5 $18) 9. Bd2 Na5 10. Qa4+ Nc6 11. e4 dxe3 12. Nxe3 Qd4 (12... Bc5 $11 {remains equal.}) 13. Qb3 ({White should try} 13. Bc4 $16) 13... Bb4 $1 $14 14. Rd1 Nge7 (14... Qb6 $14) 15. Bc4 Bxd2+ (15... Qb6 $16 {was necessary.}) 16. Rxd2 $18 Qc5 17. Nf3 b5 (17... Kf8 $16 18. O-O g6) 18. Bf7+ Kf8 19. O-O g6 20. Bd5 $40 {[%emt 0:00:00][%mdl 128] [#] Black must now prevent Rc2. White goes for the king.} Bb7 $2 (20... Na5 21. Qd1 Ra7) 21. Bxc6 {[%emt 0:00:00] White is clearly winning.} Bxc6 22. Qe6 (22. Nd4 Bd7 23. Rfd1 Qc7) 22... Kg7 {[%emt 0:01:38] Black is weak on the dark squares} 23. Rd6 Rhe8 (23... Rhf8 $142 24. Qxe7+ Rf7) 24. Qxf6+ Kg8 25. Ng5 {[%emt 0:00:00] Weighted Error Value: White=0.07 (flawless) /Black=0.43.  Mistake:       	White=1     	Black=6      Inaccurate:     	---       	Black=1      OK:         	White=8     	Black=8      Best:        	White=4     	Black=1      Strong:       	---       	Black=1} 1-0

[Event "22nd Rochefort Festival Masters 2024"]
[Site "Rochefort"]
[Date "2024.02.19"]
[Round "4.2"]
[White "Sivuk, Vitaly"]
[Black "Laurent-Paoli, Pierre"]
[Result "1/2-1/2"]
[ECO "E51"]
[WhiteElo "2502"]
[BlackElo "2529"]
[Annotator "TA"]
[PlyCount "134"]
[EventDate "2024.02.18"]
[EventType "swiss"]
[EventCountry "FRA"]
[SourceTitle "playchess.com"]
[Source "ChessBase"]
[SourceQuality "1"]
[TimeControl "40/5400+30:1800+30"]

1. d4 Nf6 2. c4 e6 3. Nf3 d5 4. Nc3 Bb4 5. e3 O-O 6. Bd2 Nbd7 7. a3 $1 {[%emt 0:01:49][%mdl 4] 7.a3 is a critical line.} Be7 {[%emt 0:06:13] E51: Nimzo-Indian: Rubinstein: 4...0-0 5 Nf3 d5.} 8. Qc2 dxc4 9. Bxc4 c5 10. O-O a6 $146 ({Predecessor:} 10... cxd4 11. exd4 Nb6 12. Ba2 Bd7 13. Ne5 Rc8 14. Qd3 Na4 15. Bb3 Nxc3 16. bxc3 Bc6 {½-½ Nepomniachtchi,I (2771)-Caruana,F (2795) Sinquefield Cup 10th 2023 (4)}) 11. dxc5 Nxc5 12. b4 Ncd7 13. Nd4 Ne5 14. Be2 Bd7 15. f4 Nc6 16. Nf3 Rc8 17. Rac1 b5 18. Qb1 Qb6 19. Ng5 Nd4 20. Bd3 Nf5 21. Kh1 h6 22. e4 Ne3 23. Bxe3 Qxe3 24. e5 hxg5 25. exf6 gxf6 26. Nd5 $1 Rxc1 (26... exd5 $5 27. Rce1 Qb6 28. Rxe7 Qd6 29. Rxd7 Qxd7 $11) 27. Nxe7+ (27. Nxe3 Rxb1 28. Bxb1 f5 $17) 27... Kg7 28. Qxc1 Qxc1 (28... Qxd3 $2 {too greedy.} 29. fxg5 (29. Rd1 Qe2 $18) 29... Rh8 30. gxf6+ (30. Rxf6 Re8 $11) 30... Kf8 31. Rd1 $18) 29. Rxc1 Re8 $1 30. Ng6 (30. Nc6 $5 Rc8 31. Be4 $11) 30... fxg6 31. Rc7 Rd8 32. fxg5 fxg5 33. Kg1 Kf6 34. Be4 Be8 35. Kf2 Rd6 36. Ke3 Ke5 37. Rc8 Bd7 38. Rg8 Bc6 39. Bc2 Bxg2 40. Rxg6 Bh3 41. Rxg5+ Bf5 42. h4 Rc6 43. Bxf5 exf5 44. h5 Rc3+ 45. Kf2 Rxa3 46. h6 Rh3 47. Rg6 Kd5 48. Rxa6 Kc4 49. Kg2 Rh5 50. Kg3 Kxb4 51. Kf4 Kc5 52. Rf6 Kc4 53. Rc6+ Kb3 54. Rg6 b4 55. Ke5 Kc4 56. Kf6 b3 (56... f4 $5 57. Kg7 $8 b3 58. Rc6+ Kd3 $11) 57. Kg7 b2 58. Rb6 Kc3 59. Rc6+ Kd2 60. Rd6+ Kc1 (60... Kc3 $5 61. Rc6+ $8 Kb3 62. Rb6+ Ka2 (62... Kc2 63. Rc6+ Kd2 64. Rb6 $11) 63. Ra6+ Kb3 64. Rb6+ Ka2 (64... Kc2 65. Rc6+ Kd2 66. Rd6+ Kc1 67. Rc6+ Kd2 $11) 65. Ra6+ Kb1 $11) 61. Rc6+ Kb1 62. h7 Rxh7+ 63. Kxh7 f4 64. Rf6 f3 (64... Kc2 $5 65. Rc6+ $8 Kd2 66. Rd6+ Kc1 67. Rc6+ Kd2 68. Rd6+ Kc1 69. Rc6+ Kd2 $11) 65. Rxf3 Ka2 66. Rf2 Ka1 67. Rxb2 Kxb2 1/2-1/2

[Event "22nd Rochefort Festival Masters 2024"]
[Site "Rochefort"]
[Date "2024.02.19"]
[Round "4.3"]
[White "Lucas, Arthur"]
[Black "Eugene, Floryan"]
[Result "1/2-1/2"]
[ECO "C45"]
[WhiteElo "2332"]
[BlackElo "2398"]
[Annotator "TA"]
[PlyCount "57"]
[EventDate "2024.02.18"]
[EventType "swiss"]
[EventCountry "FRA"]
[SourceTitle "playchess.com"]
[Source "ChessBase"]
[SourceQuality "1"]
[TimeControl "40/5400+30:1800+30"]

1. e4 e5 2. Nf3 Nc6 3. d4 exd4 4. Nxd4 Nf6 5. Nxc6 bxc6 6. e5 Qe7 7. Qe2 Nd5 8. h4 a5 9. g3 {[%emt 0:00:22] The position is equal.} Ba6 10. c4 $1 f6 11. Nd2 fxe5 12. b3 Nb4 {[%emt 0:00:31] [#] And now ...Nc2+ would win.} 13. Ne4 d5 14. a3 $1 dxe4 15. axb4 Qxb4+ 16. Bd2 Qxb3 17. Qxe4 Bb4 18. Qxc6+ Ke7 {[%emt 0:01:04] [#] ( -> ...Bxd2+)} 19. Qxc7+ Kf8 {[%emt 0:00:34] aiming for ...Bxd2+.} 20. Rd1 {[%emt 0:02:36][%cal Of1d3] Threatens to win with Bd3!} Bxd2+ 21. Rxd2 Qb1+ 22. Rd1 Qe4+ 23. Kd2 Qxh1 24. Qd6+ Kg8 25. Qe6+ Kf8 {[%emt 0:00:07] ...Rd8+ would now be deadly.} 26. Qd6+ Kg8 {[%emt 0:00:03] White must now prevent ...Qb7.} 27. Qe6+ Kf8 {[%emt 0:00:04] ...Rd8+ is the strong threat.} 28. Qd6+ Kg8 {[%emt 0:00:05] Hoping for ...Qb7.} 29. Qe6+ {[%emt 1:09:14] A rather calm draw.   Weighted Error Value: White=0.02 (flawless) /Black=0.02 (flawless) .  OK:         	White=11    	Black=5      Best:        	White=4     	Black=4      Strong:       	White=2     	---} 1/2-1/2

[Event "22nd Rochefort Festival Masters 2024"]
[Site "Rochefort"]
[Date "2024.02.19"]
[Round "4.4"]
[White "Grimault, Nathan"]
[Black "Droin, Augustin"]
[Result "0-1"]
[ECO "D20"]
[WhiteElo "2098"]
[BlackElo "2471"]
[Annotator "TA"]
[PlyCount "74"]
[EventDate "2024.02.18"]
[EventType "swiss"]
[EventCountry "FRA"]
[SourceTitle "playchess.com"]
[Source "ChessBase"]
[SourceQuality "1"]
[TimeControl "40/5400+30:1800+30"]

1. d4 d5 2. c4 dxc4 3. e4 e5 4. Nf3 exd4 5. Bxc4 Nc6 6. O-O Be6 7. Bb5 Qd6 8. Qxd4 (8. Nxd4 $2 O-O-O 9. Bxc6 bxc6 $19 (9... Qxd4 10. Bd5 $17)) 8... a6 {[%emt 0:01:56] White is slightly better.} 9. Qa4 {[%emt 0:09:51] Strongly threatening Rd1.} (9. Qxd6 {simplifies} cxd6 10. Bxc6+ bxc6 11. Nd4) 9... O-O-O 10. Be2 (10. Bxc6 $16 {[%cal Oc6d5] Bd5! would now be deadly.} Qxc6 11. Qxc6 bxc6 12. Nc3) 10... Nd4 $11 11. Nxd4 Qxd4 12. Qc2 {[%emt 0:01:05] Be3 is the strong threat.} Nf6 13. Nc3 {[%emt 0:01:07] With the idea Rd1.} Bd6 14. Be3 Qb4 15. Rac1 h5 16. a3 Qb3 17. Qb1 $2 {[%emt 0:16:54] [#]} ({White should try} 17. Qxb3 $11 Bxb3 18. f4) 17... Ng4 $17 18. Bxg4 (18. Bd1 $17 {was necessary.} Bxh2+ 19. Kh1 Rxd1 20. Rfxd1) 18... hxg4 $19 19. g3 {[%emt 0:00:13] White is weak on the light squares} Rh5 (19... Be5 20. Nd5 Kb8 (20... Bxb2 $2 21. Rxc7+ Kb8 22. Rc2 $18) 21. Rc5 $17) (19... Rh3 $19 {White must now prevent ...Rdh8.} 20. Kg2 Bc4) 20. Ne2 Rdh8 {[%emt 0:01:11] Black has more active pieces.} 21. h4 gxh3 22. Kh2 $1 Bg4 (22... Rd8 {is more appropriate.}) 23. Rc3 $11 Qa4 {[%emt 0:01:34] Really sharp!} 24. Nf4 {[%emt 0:00:23][%mdl 1024] White has compensation.} Re5 25. f3 Be6 26. Qd3 (26. Qc1 $14) 26... Kb8 $36 {[%emt 0:01:56][%mdl 2048] White is under pressure.} 27. Rfc1 Rd8 28. b4 a5 29. Rc5 Rxc5 (29... axb4 $2 30. Rxe5 (30. Nxh3 $2 Rxc5 31. Rxc5 Bxg3+ 32. Kxg3 Rxd3 $19) 30... bxa3 31. Nxe6 (31. Nxh3 a2 $17) 31... fxe6 32. Qb5 Qxb5 33. Rxb5 $18) 30. Rxc5 {[%emt 0:00:15][%mdl 8192] [#] White does not recover from this.} (30. Bxc5 $15 axb4 31. Bxb4) 30... axb4 31. axb4 Be7 (31... Qxb4 32. Rc3 $19) 32. Ra5 $2 (32. Qc2 Bb3 (32... Qxb4 33. Nxe6 Bxc5 34. Nxc5 $11) 33. Qb2 Bxc5 (33... Qxb4 34. Rc1 $17) 34. bxc5) 32... Rxd3 {[%emt 0:00:05] Black is clearly winning.} 33. Ba7+ Kc8 34. Rxa4 Rd2+ (34... Rxf3 35. Nxe6 fxe6 36. Bd4 $19) 35. Kh1 b6 36. Bxb6 cxb6 37. Ra7 Bxb4 {[%emt 0:00:40] Weighted Error Value: White=0.55/Black=0.18 (very precise) .  Loses game:     	White=1     	---        Mistake:       	White=6     	Black=2      Inaccurate:     	White=1     	Black=4      OK:         	White=13    	Black=7      Best:        	White=1     	Black=3      Strong:       	White=1     	---} 0-1

[Event "22nd Rochefort Festival Masters 2024"]
[Site "Rochefort"]
[Date "2024.02.19"]
[Round "4.5"]
[White "Mullon, Jean-Baptiste"]
[Black "Morais, Thomas"]
[Result "1-0"]
[ECO "B22"]
[WhiteElo "2305"]
[BlackElo "2045"]
[Annotator "TA"]
[PlyCount "123"]
[EventDate "2024.02.18"]
[EventType "swiss"]
[EventCountry "FRA"]
[SourceTitle "playchess.com"]
[Source "ChessBase"]
[SourceQuality "1"]
[TimeControl "40/5400+30:1800+30"]

1. e4 c5 2. Nf3 e6 3. c3 d5 4. exd5 Qxd5 5. d4 Nf6 6. Be2 Nc6 7. O-O Be7 8. dxc5 Qxd1 9. Rxd1 Bxc5 10. b4 Bb6 {[%emt 0:09:32] Weiß steht etwas besser.} 11. b5 Ne7 12. Nbd2 Ned5 13. Bb2 O-O (13... Ng4 $11 14. Rf1 Nf4) 14. Ne5 Rd8 15. Bf3 Nd7 (15... Ne3 $2 16. fxe3 Bxe3+ 17. Kh1 Bxd2 18. Bc1 $18) 16. Nd3 Nc5 (16... Ba5 $1 $14) 17. Nxc5 $16 Bxc5 18. Nb3 Be7 19. c4 $36 {[%emt 0:00:11][%mdl 2048] Weiss ist am Drücker.} Nb6 {[%emt 0:01:51] [#]} 20. Na5 {[%emt 0:04:39] Weiß steht aktiver.} (20. Rxd8+ $142 $1 Bxd8 21. Rd1) 20... Rxd1+ 21. Rxd1 a6 $2 (21... f6 $16) 22. Bd4 $18 (22. Nxb7 $6 axb5 23. Nd6 (23. cxb5 Nd5 $11) 23... Rxa2) 22... Nd7 (22... Na4) 23. b6 (23. Bxb7 Bxb7 24. Be3 (24. Nxb7 axb5 25. c5 Nb8 $11) 24... Bc8 $14) (23. Nxb7 $142 e5 24. Bc3 axb5 25. Nd6 (25. cxb5 Ra3 $16)) 23... Rb8 24. c5 {[%emt 0:03:50] [#] Zielt auf c6 ab.} e5 $2 (24... Kf8 25. Bxb7 Bxb7) 25. Be3 {[%emt 0:00:05] Droht stark c6.} Kf8 26. c6 (26. Nxb7 e4 27. Na5 (27. Bxe4 Bxb7 28. Bxb7 Nxc5 $16) (27. Bg4 Nxb6 28. Bxc8 Nc4 $16) 27... exf3 $18) 26... bxc6 27. Nxc6 ({Bloß nicht} 27. b7 Bxb7 28. Rxd7 Ba8) 27... Rxb6 28. Bxb6 Nxb6 29. Nxe5 Be6 30. Rb1 Bc5 31. Be2 Ke7 32. Bxa6 Bxa2 33. Rc1 Kd6 34. Nc4+ Bxc4 35. Bxc4 Nxc4 36. Rxc4 {[%emt 0:00:04][%mdl 4096] Endspiel. KR-KB} Kd5 (36... h5 $142 37. Rc2 g6) 37. Ra4 Ke6 38. Kf1 f6 (38... h5 {ist wohl besser.} 39. Ra5 Kd6) 39. Ke2 Kf7 40. f3 Bd6 41. h3 Kg6 $2 (41... h5 {ist eine bessere Verteidigung.} 42. f4 f5 43. Ra7+ Kf6) 42. Ke3 Kf5 43. Ra5+ Kg6 44. Ke4 h5 $2 (44... Bg3 $18 45. f4 h5) 45. Ra6 Be5 46. f4 Bc3 47. Rc6 Bb2 48. Rc2 Ba3 49. Rc7 Bb4 50. f5+ Kh6 51. Kd5 Bd2 52. Ke6 Kh7 53. Rc8 h4 54. Rc4 Bg5 55. Kf7 Kh6 56. Re4 Kh7 57. Rg4 Kh6 58. Ra4 Kh7 59. Ra8 Bf4 60. Ra4 Bg5 61. Rg4 Kh6 62. g3 {[%emt 0:00:00] Gewichteter Fehlerwert: Weiß=0.35/Schwarz=0.33.  Fehler:       	Weiß=2     	Schwarz=9     Ungenau:       	Weiß=4     	Schwarz=1     OK:         	Weiß=11    	Schwarz=14    Bester:       	Weiß=4     	Schwarz=1} 1-0

[Event "22nd Rochefort Festival Masters 2024"]
[Site "Rochefort"]
[Date "2024.02.20"]
[Round "5.1"]
[White "Laurent-Paoli, Pierre"]
[Black "Romanov, Evgeny"]
[Result "1/2-1/2"]
[ECO "C60"]
[WhiteElo "2529"]
[BlackElo "2578"]
[Annotator "TA"]
[PlyCount "74"]
[EventDate "2024.02.18"]
[EventType "swiss"]
[EventCountry "FRA"]
[SourceTitle "playchess.com"]
[Source "ChessBase"]
[SourceQuality "1"]
[TimeControl "40/5400+30:1800+30"]

1. e4 e5 2. Nf3 Nc6 3. Bb5 Nge7 4. O-O Ng6 5. d4 Nxd4 6. Nxd4 exd4 7. Qxd4 c6 8. Be2 {[%emt 0:00:30] White is slightly better.} Qb6 9. Qc3 Qc5 10. Qd3 Qd6 11. f4 Qxd3 12. cxd3 Bc5+ 13. Kh1 f5 14. Nd2 O-O 15. Nb3 Bb6 16. exf5 Rxf5 17. g4 Rf7 18. f5 Nf8 19. Bf4 d5 {[%emt 0:00:30] The position is equal.} 20. d4 h5 21. h3 (21. gxh5 $2 Bxf5 (21... Rxf5 22. Bd6 $11) 22. Rae1 Ne6 $19) 21... hxg4 22. hxg4 g6 23. fxg6 (23. Rg1 Rh7+ (23... Ne6 24. Be5 $14) 24. Kg2 (24. Bh2 Bc7 $17) 24... gxf5 $17) 23... Nxg6 24. Bh6 {[%emt 0:01:00] [#] And now Rxf7 would win.} Be6 25. Bd3 Nh4 ({Wrong is} 25... Rh7 $2 26. g5 Bf7 27. Rxf7 (27. Rf6 Bd8 $18) 27... Rxf7 (27... Kxf7 $2 28. Rf1+ Ke7 29. Bxg6 $18) 28. Bxg6 $18) 26. Rae1 Rxf1+ (26... Bxg4 27. Rg1 Rg7 28. Bxg7 $18) 27. Rxf1 Bf7 $1 (27... Bxg4 $2 {too greedy.} 28. Rg1 $18) 28. Bg5 Bg6 29. Bxg6 Nxg6 30. Rf6 Kg7 31. Rd6 Rf8 32. Rd7+ Rf7 33. Rxf7+ Kxf7 34. Kg2 Nf8 35. Kf3 Ne6 36. Be3 Bd8 37. Ke2 b6 {[%emt 0:01:30] Weighted Error Value: White=0.04 (flawless) /Black=0.04 (flawless) .  Inaccurate:     	White=2     	Black=2      OK:         	White=17    	Black=14     Best:        	White=1     	Black=4      Strong:       	---       	Black=1} 1/2-1/2